 Dungeon Crawl Stone Soup version 0.17-a0-1882-g750edc8 (webtiles) character file.

26707 Kolbur the Impaler (level 13, 0/99 HPs)
             Began as a Merfolk Ice Elementalist on Sept 21, 2015.
             Was a High Priest of Makhleb.
             Killed by the air
             ... invoked by a blizzard demon
             ... summoned by the player character
              (3 damage)
             ... on level 14 of the Dungeon on Sept 22, 2015.
             The game lasted 03:21:14 (8185 turns).

Kolbur the Impaler (Merfolk Ice Elementalist)       Turns: 8185, Time: 03:21:15

Health: 0/99       AC: 13    Str:  9    XL:     13   Next: 27%
Magic:  8/31       EV: 24    Int: 16    God:    Makhleb [*****.]
Gold:   551        SH:  2    Dex: 16    Spells: 5 memorised, 2 levels left

rFire  + + +     SeeInvis .     a - +1 halberd (pain)
rCold  . . .     Clarity  +     N - +2 leather armour of Gluttony {rElec rF+++ MP+9 Stlth-}
rNeg   . . .     SustAt   +     (no shield)
rPois  .         Gourm    +     (no helmet)
rElec  +         Spirit   .     K - +0 cloak
rCorr  .         Warding  .     P - +0 pair of gloves
rMut   .         Stasis   .     j - +1 pair of boots
MR     .....                    p - amulet of the gourmand
Stlth  +.........               Y - +6 ring of evasion
                                i - ring of sustain attributes

@: very slightly contaminated, hasted and slowed, not resistant to hostile
enchantments, very unstealthy
A: change form in water, swift swim, large bone plates 1, rough black scales 1,
berserk 1, clarity, deformed body, deterioration 1, fire resistance 1, slow
healing 1
a: Minor Destruction, Lesser Servant of Makhleb, Major Destruction, Greater
Servant of Makhleb, Renounce Religion


You were on level 14 of the Dungeon.
You worshipped Makhleb.
Makhleb was extremely pleased with you.
You were not hungry.

You visited 3 branches of the dungeon, and saw 17 of its levels.
You also visited: Sewer and Ossuary.

You collected 551 gold pieces.

Inventory:

Hand weapons
 a - a +1 halberd of pain (weapon)
 b - a +0 antimagic trident
 S - a +3 trident
 T - a +0 glaive
Missiles
 m - 29 poisoned needles
 A - 11 tomahawks (quivered)
 X - 5 silver tomahawks
Armour
 j - a +1 pair of boots (worn)
 s - the +4 ring mail of the Harvest {*Corrode rN+++ Int+3}
   (You found it on level 4 of the Dungeon)

   It affects your intelligence (+3).
   It renders you almost immune to negative energy.
   It may corrode your equipment when you take damage.
 K - a +0 cloak (worn)
 L - the +0 leather armour of the Alphagorgon {rF+ rN+ rCorr}
   (You found it on level 9 of the Dungeon)

   It protects you from fire.
   It protects you from negative energy.
   It protects you from acid and corrosion.
 N - the +2 leather armour of Gluttony (worn) {rElec rF+++ MP+9 Stlth-}
   (You found it on level 8 of the Dungeon)

   It renders you almost immune to fire.
   It insulates you from electricity.
   It affects your magic capacity (+9).
   It makes you less stealthy.
 P - a +0 pair of gloves (worn)
Jewellery
 i - a ring of sustain attributes (left hand)
 p - an amulet of the gourmand (around neck)
 O - an uncursed ring of positive energy
 Y - a +6 ring of evasion (right hand)
Magical devices
 e - a wand of digging (16)
 B - a wand of polymorph (10)
 G - a wand of digging (10)
 W - a wand of hasting (0)
Scrolls
 d - 2 scrolls of remove curse
 l - 3 scrolls of recharging
 t - 6 scrolls of enchant armour
 v - 3 scrolls of fear
 w - 3 scrolls of immolation
 y - 2 scrolls of magic mapping
 Q - a scroll of holy word
 U - a scroll of acquirement {unknown}
Potions
 o - 4 potions of might
 r - a potion of cure mutation
 u - 2 potions of resistance
 x - 8 potions of curing
 z - 3 potions of brilliance
 E - a potion of ambrosia {unknown}
 J - 2 potions of agility {unknown}
 R - 5 potions of flight {unknown}
Books
 g - a book of Ice

   Spells                             Type                      Level
   a - Ice Form                       Ice/Transmutation            4
   b - Metabolic Englaciation         Hexes/Ice                    5
   c - Ozocubu's Refrigeration        Ice                          6
   d - Bolt of Cold                   Conjuration/Ice              6
   e - Freezing Cloud                 Conjuration/Ice/Air          6
   f - Simulacrum                     Ice/Necromancy               6
Miscellaneous
 h - an ornate deck of summoning
Comestibles
 c - 7 bread rations
 f - a meat ration
 k - 2 beef jerkies
 H - 4 royal jellies
 M - 8 fruits
 V - a slice of pizza


   Skills:
 - Level 8.4 Fighting
 - Level 16.0 Polearms
 - Level 10.0 Dodging
 - Level 3.1 Stealth
 - Level 4.1 Spellcasting
   Level 0.7 Conjurations
 - Level 2.0 Charms
 - Level 4.0 Summonings
 + Level 9.5 Ice Magic
 + Level 12.2 Invocations


You had 2 spell levels left.
You knew the following spells:

 Your Spells              Type           Power        Failure   Level  Hunger
a - Freeze                Ice            ####         1%          1    None
f - Ozocubu's Refrigerat  Ice            ####......   75%         6    #######
i - Summon Ice Beast      Ice/Summ       ###.....     17%         4    ####...
o - Ozocubu's Armour      Chrm/Ice       ###.....     10%         3    ###....
s - Condensation Shield   Ice            ####......   6%          4    ####...


Dungeon Overview and Level Annotations

Branches:
Dungeon (15/15)            Temple (1/1) D:4            Lair (0/8) D:11
    Orc (1/4) D:10         Vaults (0/5) D:14
 Depths: D:15

Altars:
Cheibriados
Dithmenos
Elyvilon
Fedhas
Gozag
Kikubaaqudgha
Makhleb
Nemelex Xobeh
Okawaru
Qazlal
Ru
Sif Muna
Trog
Vehumet
Zin

Shops:
D:4 }   D:9 }

Annotations:
D:3 Anothat's ghost, average MiMo
D:10 exclusion: obsidian statue


Innate Abilities, Weirdness & Mutations

You revert to your normal form in water.
You are very nimble and swift while swimming.
You are partially covered in large bone plates (AC +2, SH +2).
You are partially covered in rough black scales (AC +4, Dex -1).
You tend to lose your temper in combat.
You possess an exceptional clarity of mind.
Armour fits poorly on your strangely shaped body.
Your body sometimes deteriorates upon taking damage.
Your flesh is heat resistant.
You heal slowly when monsters are visible.


Message History

You smell sulphur.
It was a scroll of random uselessness.
Something hits you but does no damage.
Your green death hits the cacodemon!!
The cacodemon dies!
The blizzard demon hits you!
* * * LOW HITPOINT WARNING * * *
Your body deteriorates!
You feel dopey for a moment. The blizzard demon closely misses you.
The purple ugly thing closely misses you.
Unknown command.
Read which item? (? for menu, Esc to quit)
Blink to where?
Press: ? - help, Dir - move target cursor
As you read the scroll labeled ETOET QUNEZIAT, it crumbles to dust.
It was a scroll of blinking.
A poison arrow appears from out of your range of vision.
The poison arrow hits the red ugly thing.
The red ugly thing is poisoned.
The blizzard demon waves its arms in wide circles.
The air twists around and strikes you!
You die...

.#
##.§§..##.#....(#
.# ##§§####........
## ##§2###ua..u...
#2u§##u###.#.#
#p#§u#†# ##{##au.#
#.h####.# ##+##
#.## #..####.#
##...##
###p#####...@...#
##..>..# #
##.......#######.##
##.......
####....#..#######.
.#.##..>)....
'........%.........
....'..!.....
##..........#.####
.###.......<.
#####....#.#...##
#........
##.)#####...#
#...)..# ##..##
##.#.# #....##
####...## ##.##.##
##.'###


You could see 3 ugly things, a blizzard demon (dazed) and a worker ant.

Vanquished Creatures
  2 vault guards (D:14)
  Josephine (D:13)
  A hydra (D:15)
  A tengu warrior (D:13)
  2 centaur warriors (D:13)
  4 hill giants (D:13)
  A wizard (D:15)
  A manticore (D:15)
  7 ugly things
  A gargoyle (D:13)
  A centaur zombie (D:13)
  5 centaur skeletons
  A yaktaur (shapeshifter) (D:13)
  A troll (D:13)
  A deep elf priest (D:14)
  3 two-headed ogres
  A centaur simulacrum (D:15)
  A deep elf mage (D:12)
  3 wraiths (D:13)
  4 fire bats (D:9)
  7 vampire mosquitoes (D:13)
  A wyvern (D:8)
  4 yaks
  2 hungry ghosts
  A basilisk (D:12)
  A necrophage (D:10)
  A hell hound (D:9)
  2 water moccasins
  6 orc warriors
  2 phantoms
  A black bear (D:9)
  2 eyes of draining
  3 sky beasts
  2 ice beasts
  23 centaurs
  3 ogres
  A boggart (D:15)
  4 big kobolds
  5 giant frogs
  A gnoll sergeant (D:13)
  A water moccasin skeleton (D:10)
  2 wights (D:11)
  A scorpion (D:6)
  2 lava snakes (D:9)
  4 killer bees (D:11)
  3 electric eels
  4 crimson imps
  2 jellies
  A giant frog zombie (D:12)
  8 orc wizards
  4 hounds
  6 orc priests
  A giant frog skeleton (D:8)
  An iguana (D:12)
  7 worker ants
  A killer bee zombie (D:9)
  3 mummies (Ossuary)
  4 gnolls (D:13)
  2 worker ant zombies
  5 adders
  A river rat (Sewer)
  4 shadow imps
  2 adder zombies
  An ooze (D:5)
  2 adder skeletons
  A worm (D:5)
  4 giant geckos
  38 orcs
  2 ball pythons (Sewer)
  A gnoll zombie (D:3)
  2 goblins
  4 hobgoblins
  15 kobolds
  3 quokkas
  4 bats
  8 giant newts
  6 jackals
  A quokka skeleton (D:9)
  15 rats
  2 fire vortices (D:9)
292 creatures vanquished.

Vanquished Creatures (collateral kills)
  3 vault guards (D:14)
  2 centaur warriors (D:14)
  A tengu warrior (D:13)
  A wolf spider zombie (D:13)
  A wizard (D:14)
  3 ugly things
  A fire drake (D:11)
  A troll (D:13)
  A centaur simulacrum (D:15)
  A water elemental (D:15)
  A deep elf mage (D:15)
  3 orc warriors
  2 boggarts (D:15)
  A necrophage (D:9)
  A wasp (D:12)
  2 centaurs (D:12)
  A giant frog (D:12)
  2 wights (D:11)
  A crimson imp (D:14)
  An orc priest (D:11)
  An iguana (D:13)
  An adder (D:12)
  A white imp (D:15)
  6 orcs
39 creatures vanquished.

Vanquished Creatures (others)
  A fire vortex (D:9)
1 creature vanquished.

Grand Total: 332 creatures vanquished

Notes
Turn   | Place    | Note
--------------------------------------------------------------
     0 | D:1      | Kolbur the Merfolk Ice Elementalist began the quest for the Orb.
     0 | D:1      | Reached XP level 1. HP: 13/13 MP: 3/3
   166 | D:1      | Reached XP level 2. HP: 13/19 MP: 0/5
   200 | D:1      | Reached skill level 4 in Ice Magic
   256 | D:3      | Noticed Anothat's ghost (average MiMo)
   766 | D:3      | Found an iron altar of Okawaru.
   822 | D:3      | Reached XP level 3. HP: 24/24 MP: 6/6
   891 | D:3      | HP: 1/24 [Anothat's ghost (4)]
   942 | D:4      | Learned a level 3 spell: Ozocubu's Armour
  1077 | D:4      | Found a staircase to the Ecumenical Temple.
  1087 | Temple   | Entered the Ecumenical Temple
  1107 | Temple   | Became a worshipper of Makhleb the Destroyer
  1150 | D:4      | Got a jewelled ring mail
  1163 | D:4      | Identified the +4 ring mail of the Harvest {*Corrode rN+++ Int+3} (You found it on level 4 of the Dungeon)
  1167 | D:4      | Noticed an ogre
  1188 | D:4      | Reached skill level 5 in Ice Magic
  1246 | D:4      | Found a sand-covered staircase.
  1251 | Ossuary  | Entered an ossuary
  1291 | Ossuary  | Reached XP level 4. HP: 28/31 MP: 7/7
  1307 | Ossuary  | Reached skill level 1 in Fighting
  1468 | D:4      | Found Oczi's Gadget Shoppe.
  1592 | D:5      | Entered Level 5 of the Dungeon
  1597 | D:5      | Reached XP level 5. HP: 26/39 MP: 4/8
  1758 | D:5      | Found a glowing drain.
  1770 | Sewer    | Entered a sewer
  1776 | Sewer    | Acquired Makhleb's first power
  2126 | D:5      | Found a sparkling altar of Nemelex Xobeh.
  2129 | D:5      | Noticed an ogre
  2184 | D:5      | Killed an ogre
  2184 | D:5      | Reached XP level 6. HP: 24/48 MP: 1/9
  2190 | D:5      | Learned a level 4 spell: Condensation Shield
  2251 | D:5      | Found a deep blue altar of Sif Muna.
  2254 | D:5      | Found a bloodstained altar of Trog.
  2257 | D:5      | Found a shadowy altar of Dithmenos.
  2260 | D:5      | Found an opulent altar of Gozag.
  2389 | D:6      | Found a blossoming altar of Fedhas.
  2424 | D:6      | Reached skill level 5 in Dodging
  2601 | D:7      | Reached skill level 6 in Dodging
  2601 | D:7      | Reached XP level 7. HP: 42/54 MP: 10/10
  2631 | D:8      | Reached skill level 1 in Polearms
  2650 | D:8      | Acquired Makhleb's second power
  2847 | D:9      | Got a jasper-encrusted leather armour
  2863 | D:9      | Identified the cursed +0 leather armour of the Alphagorgon {rF+ rN+ rCorr} (You found it on level 9 of the Dungeon)
  2885 | D:9      | Reached skill level 5 in Polearms
  2918 | D:8      | Got a transparent leather armour
  2964 | D:8      | Identified the +2 leather armour of Gluttony {rElec rF+++ MP+9 Stlth-} (You found it on level 8 of the Dungeon)
  3019 | D:9      | Reached XP level 8. HP: 26/60 MP: 11/11
  3117 | D:8      | Reached skill level 1 in Charms
  3121 | D:8      | Reached skill level 7 in Polearms
  3254 | D:8      | Noticed a wyvern
  3262 | D:8      | Killed a wyvern
  3262 | D:8      | Reached skill level 8 in Polearms
  3381 | D:9      | Found Lykeosymn's Gadget Emporium.
  3405 | D:10     | Entered Level 10 of the Dungeon
  3426 | D:9      | Noticed a two-headed ogre
  3459 | D:9      | Killed a two-headed ogre
  3459 | D:9      | Reached skill level 9 in Polearms
  3518 | D:9      | Learned a level 4 spell: Summon Ice Beast
  3568 | D:9      | Noticed a fire bat
  3574 | D:9      | Killed a fire bat
  3574 | D:9      | Reached XP level 9. HP: 61/65 MP: 6/14
  3577 | D:9      | Noticed a fire bat
  3577 | D:9      | Noticed a fire bat
  3577 | D:9      | Noticed a fire bat
  3584 | D:9      | Killed a fire bat
  3584 | D:9      | Reached skill level 1 in Summonings
  3585 | D:9      | Killed a fire bat
  3585 | D:9      | Reached skill level 10 in Polearms
  3592 | D:9      | Killed a fire bat
  3705 | D:9      | Acquired Makhleb's third power
  3860 | D:9      | Reached skill level 11 in Polearms
  4130 | D:9      | Reached skill level 12 in Polearms
  4299 | D:9      | Found a radiant altar of Vehumet.
  4306 | D:9      | Upgraded the game from 0.17-a0-1880-gacf7e67 to 0.17-a0-1882-g750edc8
  4424 | D:10     | Reached XP level 10. HP: 39/69 MP: 16/16
  4545 | D:10     | Acquired Makhleb's fourth power
  4731 | D:10     | Reached skill level 13 in Polearms
  4731 | D:10     | Reached skill level 1 in Invocations
  4817 | D:10     | Noticed a centaur skeleton
  4845 | D:10     | Killed a centaur skeleton
  4884 | D:10     | Found a staircase to the Orcish Mines.
  4902 | Orc:1    | Entered Level 1 of the Orcish Mines
  4920 | Orc:1    | Acquired Makhleb's fifth power
  5014 | D:10     | Noticed an obsidian statue
  5276 | D:11     | Reached skill level 5 in Fighting
  5320 | D:13     | Reached skill level 14 in Polearms
  5399 | D:11     | Noticed a purple ugly thing
  5410 | D:11     | Killed a purple ugly thing
  5555 | D:11     | Gained mutation: You are occasionally teleported to nearby monsters. [potion of mutation]
  5555 | D:11     | Gained mutation: You are partially covered in large bone plates (AC +2, SH +2). [potion of mutation]
  5555 | D:11     | Gained mutation: Your flesh is heat resistant. [potion of mutation]
  5556 | D:11     | Lost mutation: You are occasionally teleported to nearby monsters. [potion of mutation]
  5556 | D:11     | Gained mutation: You tend to lose your temper in combat. [potion of mutation]
  5556 | D:11     | Gained mutation: Armour fits poorly on your strangely shaped body. [potion of mutation]
  5623 | D:11     | Noticed a cyan ugly thing
  5633 | D:11     | Killed a cyan ugly thing
  5633 | D:11     | Reached skill level 15 in Polearms
  5640 | D:11     | Reached XP level 11. HP: 63/77 MP: 7/17
  5654 | D:11     | Found a staircase to the Lair.
  5856 | D:12     | Reached skill level 5 in Invocations
  5954 | D:12     | Noticed a red ugly thing
  5976 | D:12     | Killed a red ugly thing
  6104 | D:13     | Noticed a centaur warrior
  6104 | D:13     | Noticed a red ugly thing
  6123 | D:12     | Killed a green ugly thing
  6131 | D:12     | Learned a level 6 spell: Ozocubu's Refrigeration
  6275 | D:13     | Noticed Josephine
  6305 | D:13     | Noticed a hill giant
  6328 | D:13     | Reached skill level 16 in Polearms
  6333 | D:13     | Noticed a hill giant
  6580 | D:13     | Killed a hill giant
  6757 | D:13     | Killed a hill giant
  6769 | D:13     | Killed a centaur warrior
  6803 | D:13     | Noticed a tengu warrior
  6829 | D:13     | Killed a tengu warrior
  6830 | D:13     | Noticed a tengu warrior
  6840 | D:13     | Killed a tengu warrior
  6866 | D:13     | Noticed a hill giant
  6876 | D:13     | Killed a hill giant
  6876 | D:13     | Reached XP level 12. HP: 57/89 MP: 4/18
  6928 | D:13     | Gained mutation: Your body sometimes deteriorates upon taking damage. [potion of mutation]
  6929 | D:13     | Gained mutation: You are partially covered in rough black scales (AC +4, Dex -1). [potion of mutation]
  6929 | D:13     | Gained mutation: You possess an exceptional clarity of mind. [potion of mutation]
  6967 | D:13     | Noticed a hill giant
  6991 | D:13     | Killed a hill giant
  7102 | D:13     | Noticed a red ugly thing
  7118 | D:13     | Killed a red ugly thing
  7137 | D:13     | Killed Josephine
  7221 | D:13     | Noticed a centaur warrior
  7223 | D:13     | Noticed a red ugly thing
  7233 | D:13     | Killed a centaur warrior
  7233 | D:13     | Reached skill level 10 in Invocations
  7248 | D:13     | Killed a red ugly thing
  7323 | D:14     | Noticed a centaur warrior
  7342 | D:14     | Killed a centaur warrior
  7460 | D:14     | Reached skill level 10 in Dodging
  7481 | D:14     | Noticed a wizard
  7498 | D:14     | Killed a wizard
  7509 | D:14     | You fall through a shaft!
  7509 | D:15     | Entered Level 15 of the Dungeon
  7629 | D:15     | Noticed an eight-headed hydra
  7646 | D:15     | Killed an eight-headed hydra
  7724 | D:15     | Noticed a centaur warrior
  7789 | D:15     | Noticed a white very ugly thing
  7862 | D:14     | Noticed a centaur warrior
  7874 | D:14     | Killed a centaur warrior
  7874 | D:14     | Reached XP level 13. HP: 70/99 MP: 8/21
  7951 | D:14     | Noticed a vault guard
  7961 | D:14     | Noticed a vault guard
  7980 | D:14     | Killed a vault guard
  7983 | D:14     | Killed a vault guard
  7985 | D:14     | Noticed a vault guard
  7992 | D:14     | Killed a vault guard
  8017 | D:14     | Found a gate to the Vaults.
  8039 | D:14     | Noticed a vault guard
  8054 | D:14     | Killed a vault guard
  8079 | D:14     | Noticed a vault guard
  8092 | D:14     | Killed a vault guard
  8126 | D:14     | Found a shadowy altar of Dithmenos.
  8174 | D:14     | Noticed a blizzard demon
  8175 | D:14     | Noticed a cacodemon
  8178 | D:14     | Noticed a vault guard
  8179 | D:14     | Gained mutation: You heal slowly when monsters are visible. [a cacodemon]
  8184 | D:14     | Killed a cacodemon
  8184 | D:14     | HP: 3/99 [blizzard demon[the player character] (13)]
  8185 | D:14     | Killed from afar by a blizzard demon

Vault maps used:
D:1:      dpeg_arrival_pits, minmay_box_of_dots
D:2:      first_bread, hangedman_decor_opposing
D:3:      lemuel_zombie_altar_yredelemnul, okawaru_metal_pillars_1_2
D:4:      minmay_temple_entry_purple_smoke, enter_ossuary_5, serial_shops,
          nicolae_shop_statue_plus, kennysheep_boxes
D:5:      grunt_temple_overflow_cloverleaf, gup_sewer_entry_bubbles,
          nemelex_dance_club_becter
D:6:      nicolae_overflow_hidden_temple, uniq_blork_the_orc, uniq_grinder
D:8:      hangedman_pestilent_swarm, minivault_25, moated_statue
D:9:      wad_crossroads, nicolae_overflow_quartered_altars, serial_shops,
          nicolae_shop_behind_doors, nicolae_benzene_ring, hangedman_incinerator
D:10:     erik_orc_2, minivault_16
D:11:     minmay_lair_entry_lava
D:12:     kennysheep_small_square
D:13:     uniq_josephine
D:14:     erik_vaults_2, basic_altar
D:15:     grunt_enter_depths_snipers, serial_ice, serial_ice_o, serial_ice_k,
          serial_ice_b, serial_ice_a, serial_ice_n,
          portal_ice_cave_entry_ugly_swarm
Temple:   minmay_temple_bridge_c_8
Orc:1:    lemuel_ogre_cave, uniq_snorg, uniq_erica, uniq_urug
Sewer:    sewer_co_cracked_pipes
Ossuary:  ossuary_crypta

Action                   |  1- 3 |  4- 6 |  7- 9 | 10-12 | 13-15 || total
-------------------------+-------+-------+-------+-------+-------++-------
Melee: Unarmed           |     1 |       |       |       |       ||     1
       Rapier            |    12 |   127 |       |       |       ||   139
       Whip              |     6 |       |       |       |       ||     6
       Flail             |     5 |    14 |       |       |       ||    19
       Trident           |       |       |   259 |     5 |       ||   264
       Halberd           |       |       |    25 |   817 |    97 ||   939
Throw: Stone             |    36 |    53 |     2 |    15 |       ||   106
       Javelin           |       |       |     4 |     7 |       ||    11
       Tomahawk          |       |       |       |       |     2 ||     2
 Cast: Freeze            |    43 |    38 |    67 |    50 |     4 ||   202
       Ozocubu's Armour  |       |       |    17 |    42 |     6 ||    65
       Condensation Shie |       |       |     3 |    12 |     2 ||    17
       Summon Ice Beast  |       |       |     8 |    67 |     6 ||    81
Invok: Lesser Servant of |       |       |       |     1 |       ||     1
       Greater Servant o |       |       |       |     1 |     4 ||     5
       Minor Destruction |       |       |       |       |     1 ||     1
Evoke: Wand              |       |       |       |     1 |     1 ||     2
  Use: Scroll            |     4 |     4 |    10 |     6 |     5 ||    29
       Potion            |       |     1 |     2 |     6 |     2 ||    11
 Stab: Sleeping          |     7 |     5 |     1 |     1 |       ||    14
       Distracted        |       |     1 |       |     2 |     2 ||     5
       Confused          |       |       |       |       |     1 ||     1
  Eat: Chunk             |     1 |     9 |    15 |    31 |     6 ||    62
       Beef jerky        |     1 |       |       |       |       ||     1

Vault maps used:
D:1:      dpeg_arrival_pits, minmay_box_of_dots
D:2:      first_bread, hangedman_decor_opposing
D:3:      lemuel_zombie_altar_yredelemnul, okawaru_metal_pillars_1_2
D:4:      minmay_temple_entry_purple_smoke, enter_ossuary_5, serial_shops,
          nicolae_shop_statue_plus, kennysheep_boxes
D:5:      grunt_temple_overflow_cloverleaf, gup_sewer_entry_bubbles,
          nemelex_dance_club_becter
D:6:      nicolae_overflow_hidden_temple, uniq_blork_the_orc, uniq_grinder
D:8:      hangedman_pestilent_swarm, minivault_25, moated_statue
D:9:      wad_crossroads, nicolae_overflow_quartered_altars, serial_shops,
          nicolae_shop_behind_doors, nicolae_benzene_ring, hangedman_incinerator
D:10:     erik_orc_2, minivault_16
D:11:     minmay_lair_entry_lava
D:12:     kennysheep_small_square
D:13:     uniq_josephine
D:14:     erik_vaults_2, basic_altar
D:15:     grunt_enter_depths_snipers, serial_ice, serial_ice_o, serial_ice_k,
          serial_ice_b, serial_ice_a, serial_ice_n,
          portal_ice_cave_entry_ugly_swarm
Temple:   minmay_temple_bridge_c_8
Orc:1:    lemuel_ogre_cave, uniq_snorg, uniq_erica, uniq_urug
Sewer:    sewer_co_cracked_pipes
Ossuary:  ossuary_crypta

Table legend:
 A = Turns spent in this place as a percentage of turns spent in the entire game.
 B = Non-inter-level travel turns spent in this place as a percentage of non-inter-level travel turns spent in the entire game.
 C = Inter-level travel turns spent in this place as a percentage of turns spent in this place.
 D = Turns resting spent in this place as a percentage of non-inter-level travel turns spent in this place.
 E = Turns spent auto-exploring this place as a percentage of non-inter-level travel turns spent in this place.
 F = Non-inter-level travel turns spent in this place divided by the number of levels of this place that you've seen.
                   A       B       C       D       E      F
               +-------+-------+-------+-------+-------+----------------------
         Total | 100.0 | 100.0 |   0.2 |   0.0 |   0.0 | 438.4
       Dungeon |  93.8 |  93.8 |   0.2 |   0.1 |   0.0 | 520.7
        Temple |   0.3 |   0.2 |   4.8 |   0.0 |   0.0 |  20.0
  Orcish Mines |   0.6 |   0.6 |   0.0 |   0.0 |   0.0 |  53.0
         Sewer |   3.1 |   3.1 |   0.0 |   0.0 |   0.0 | 262.0
       Ossuary |   2.2 |   2.2 |   0.0 |   0.0 |   0.0 | 184.0
               +-------+-------+-------+-------+-------+----------------------
